 Dungeon Crawl Stone Soup version 0.30-a0-23-ge60ba3568b (webtiles) character file.

Game seed: 2487935897563254603

1694 voltaire321 the Stinger (level 8, -1/61 HPs)
             Began as a Demonspawn Venom Mage on Aug 25, 2022.
             Was an Initiate of Wu Jian.
             Slain by Duvessa
             ... wielding a +0 rapier
              (10 damage)
             ... on level 6 of the Dungeon.
             The game lasted 00:27:54 (9146 turns).

voltaire321 the Stinger (Demonspawn Venom Mage)     Turns: 9146, Time: 00:27:55

Health: -1/61      AC:  7    Str: 11    XL:     8   Next: 72%
Magic:  13/14      EV: 13    Int: 20    God:    Wu Jian [......]
Gold:   850        SH:  0    Dex: 14    Spells: 6/16 levels left

rFire   . . .      SeeInvis +    t - +3 short sword (venom)
rCold   . . .      Faith    .    (no shield)
rNeg    + . .      Spirit   .    g - +0 leather armour
rPois   .          Reflect  .    v - +0 helmet
rElec   .          Harm     .    (no cloak)
rCorr   .          Rampage  .    (no gloves)
Will    .....                    x - +2 pair of boots
Stlth   ++........               w - amulet of magic regeneration
HPRegen 0.20/turn                d - ring of positive energy
MPRegen 0.54/turn                k - ring of see invisible

@: mighty, very slightly contaminated
A: claws 2, powered by pain 2, big brain 2
a: Renounce Religion


You were on level 6 of the Dungeon.
You worshipped Wu Jian.
Wu Jian was noncommittal.
You visited 2 branches of the dungeon, and saw 7 of its levels.

You collected 1222 gold pieces.
You spent 372 gold pieces at shops.

Inventory:

Hand Weapons
 i - a +0 dagger of venom
 l - a +4 scimitar
 t - a +3 short sword of venom (weapon)
Armour
 g - a +0 leather armour (worn)
 u - a +1 animal skin
 v - a +0 helmet (worn)
 x - a +2 pair of boots (worn)
Jewellery
 d - a ring of positive energy (left claw)
 k - a ring of see invisible (right claw)
 w - an amulet of magic regeneration (around neck)
Wands
 z - a wand of flame (21)
Scrolls
 c - a scroll of identify
 e - a scroll of butterflies
 f - a scroll of poison {unknown}
 h - 2 scrolls of amnesia
 p - a scroll of fear
 q - 2 scrolls of enchant armour
Potions
 a - a potion of haste
 b - 2 potions of magic
 j - 2 potions of mutation {unknown}
 r - a potion of berserk rage
 s - 2 potions of curing
 A - 2 potions of ambrosia
 B - a potion of might


   Skills:
 + Level 4.5 Fighting
 + Level 4.1 Armour
 + Level 4.6 Dodging
 - Level 1.7 Stealth
 + Level 1.7 Unarmed Combat
 + Level 4.6 Spellcasting
 + Level 2.1 Transmutations
 + Level 5.6 Poison Magic


You had 6 spell levels left.
You knew the following spells:

 Your Spells              Type           Power      Damage    Failure   Level
a - Sting                 Tmut/Pois      80%        1d7       3%          1
b - Poisonous Vapours     Pois/Air       32%        N/A       7%          2
c - Olgreb's Toxic Radia  Pois           27%        N/A       14%         4
d - Spider Form           Tmut/Pois      20%        N/A       10%         3

Your spell library contained the following spells:

 Spells                   Type           Power      Damage    Failure   Level
 Sandblast                Erth           8%         2d5       16%         1
 Passwall                 Tmut/Erth      6%         N/A       16%         2
 Mephitic Cloud           Conj/Pois/Air  12%        N/A       22%         3
 Ensorcelled Hibernation  Hex/Ice        8%         N/A       24%         2
 Stone Arrow              Conj/Erth      8%         3d7       43%         3
 Anguish                  Hex/Necr       2%         N/A       83%         4


Dungeon Overview and Level Annotations

Branches:
Dungeon (6/15)             Temple (1/1) D:5

Altars:
Ashenzari
Cheibriados
Dithmenos
Fedhas
Gozag
Hepliaklqana
Kikubaaqudgha
Makhleb
Nemelex Xobeh
Okawaru
Ru
Sif Muna
Trog
Uskayaw
Vehumet
Wu Jian
Xom

Shops:
D:3 *   D:4 :   D:5 (

Annotations:
D:5 1 runed translucent door, 1 transporter, nickcage's ghost, amateur MiGl
D:6 Duvessa


Innate Abilities, Weirdness & Mutations

You have very sharp fingernails.
You sometimes gain power by taking damage.
You have an extremely huge brain. (Int +4)


Message History

Duvessa is nearby!
Casting: Sting (safe; 3% risk of failure)
Confirm with . or Enter, or press ? or * to list all spells.
You begin to radiate toxic energy.
Duvessa is poisoned.
Duvessa rages.
Your toxic aura wanes.
Casting: Olgreb's Toxic Radiance (dangerous; 14% risk of failure)
Confirm with . or Enter, or press ? or * to list all spells.
You can't see any susceptible monsters within range! (Use Z to cast anyway.)
You feel a little less agile now.
Duvessa rages.
Casting: Olgreb's Toxic Radiance (dangerous; 14% risk of failure)
Confirm with . or Enter, or press ? or * to list all spells.
Aiming: Sting (safe; 3% risk of failure)
Press: ? - help, Shift-Dir - straight line, f - Duvessa
Aim: Duvessa, wielding a +0 rapier, wearing a +0 scale mail and quivering stones (moderately wounded, berserk, poisoned, 82% to hit)
You miscast Sting.
You are very lightly contaminated with residual magic.
Nothing appears to happen.
Casting: Sting (safe; 3% risk of failure)
Confirm with . or Enter, or press ? or * to list all spells.
Aiming: Sting (safe; 3% risk of failure)
Press: ? - help, Shift-Dir - straight line, f/p - Duvessa
Aim: Duvessa, wielding a +0 rapier, wearing a +0 scale mail and quivering stones (moderately wounded, berserk, poisoned, 82% to hit)
The sting hits Duvessa but does no damage.
Duvessa looks even sicker.
Duvessa is moderately wounded.
Duvessa hits you with a +0 rapier!
You hit Duvessa.
Duvessa looks as sick as possible!
Duvessa is moderately wounded.
Duvessa hits you with a +0 rapier. x2
You hit Duvessa but do no damage.
Duvessa looks as sick as possible!
Duvessa is moderately wounded.
Duvessa hits you with a +0 rapier! Duvessa hits you with a +0 rapier.
Duvessa hits you with a +0 rapier!!
* * * LOW HITPOINT WARNING * * *
You focus on the pain.
You feel very mighty all of a sudden. Duvessa hits you with a +0 rapier!
You die...

#.........z# #..#
#......# #..## ###...##
##... #..## #....
##..## ##..## #....#
#..## #....## ##..#
#..e..### ##..##
#####.@(..[.####...##
#..........>........###
#####.................#
#..................
#.##...............
##.###..............
##.## ##.............
##..# ##...........#
#...# ##.........##


You could see Duvessa (berserk, extremely poisoned).

Vanquished Creatures
  Sigmund (D:3)
  Eustachio (D:5)
  2 ice beasts
  A sky beast (D:6)
  2 black bears (D:5)
  An ogre (D:4)
  2 centaurs (D:6)
  2 scorpions (D:5)
  2 necrophages
  A wight (D:6)
  Dowan (D:6)
  A hound (D:4)
  An orc priest (D:4)
  Ijyb (D:3)
  2 orc wizards (D:4)
  Robin (D:2)
  7 adders
  4 gnolls (D:2)
  4 worms
  4 dart slugs
  6 orcs (D:4)
  7 ball pythons
  3 bats
  5 endoplasms
  2 giant cockroaches (D:1)
  13 goblins
  9 hobgoblins
  3 jackals
  2 quokkas
  7 frilled lizards
  7 kobolds
  5 rats
110 creatures vanquished.

Notes
Turn   | Place    | Note
-------+----------+-------------------------------------------
     0 | D:1      | voltaire321 the Demonspawn Venom Mage began the quest for
                  | the Orb.
     0 | D:1      | Reached XP level 1. HP: 13/13 MP: 3/3
   303 | D:1      | Reached skill level 1 in Transmutations
   368 | D:1      | Gained mutation: You sometimes gain a little power by
                  | taking damage. [demonic ancestry]
   368 | D:1      | Reached XP level 2. HP: 17/20 MP: 0/5
   790 | D:1      | Found a faded altar of an unknown god.
  1196 | D:1      | Gained mutation: You have an unusually large brain. (Int
                  | +2) [demonic ancestry]
  1196 | D:1      | Reached XP level 3. HP: 25/25 MP: 3/6
  1363 | D:2      | Learned a level 2 spell: Poisonous Vapours
  1416 | D:2      | Reached skill level 1 in Fighting
  1738 | D:2      | Reached skill level 1 in Armour
  2203 | D:2      | Gained mutation: You have sharp fingernails. [demonic
                  | ancestry]
  2203 | D:2      | Reached XP level 4. HP: 31/32 MP: 5/7
  2746 | D:3      | Found Anwuggi's General Store.
  2751 | D:3      | Bought a potion of heal wounds for 60 gold pieces
  2760 | D:3      | You fall into a shaft and drop 1 floor!
  3035 | D:3      | Noticed Robin
  3318 | D:3      | Gained mutation: You sometimes gain power by taking damage.
                  | [demonic ancestry]
  3318 | D:3      | Reached XP level 5. HP: 28/38 MP: 2/9
  3327 | D:2      | Killed Robin
  3918 | D:3      | Noticed Sigmund
  3972 | D:3      | Killed Sigmund
  3973 | D:3      | Reached skill level 4 in Poison Magic
  3973 | D:3      | Gained mutation: You have very sharp fingernails. [demonic
                  | ancestry]
  3973 | D:3      | Reached XP level 6. HP: 32/46 MP: 8/10
  4403 | D:3      | Noticed Ijyb
  4426 | D:3      | Killed Ijyb
  5384 | D:4      | Found a snail-covered altar of Cheibriados.
  5564 | D:3      | Learned a level 4 spell: Olgreb's Toxic Radiance
  5823 | D:4      | Found Uxkapiy's Book Emporium.
  5837 | D:4      | Gained mutation: You have an extremely huge brain. (Int +4)
                  | [demonic ancestry]
  5837 | D:4      | Reached XP level 7. HP: 52/52 MP: 9/12
  6310 | D:5      | Entered Level 5 of the Dungeon
  6761 | D:5      | Found Wuhieduw's Antique Weapon Shoppe.
  6797 | D:5      | Reached skill level 5 in Poison Magic
  6943 | D:5      | Identified a scroll of acquirement
  6943 | D:5      | Acquired 937 gold pieces
  7000 | D:5      | Found a runed translucent door.
  7000 | D:5      | Noticed nickcage's ghost (amateur MiGl)
  7000 | D:5      | Noticed a yak
  7082 | D:5      | Found a sparkling altar of Nemelex Xobeh.
  7082 | D:5      | Found a transporter.
  7082 | D:5      | Noticed a shadow
  7276 | D:5      | Reached XP level 8. HP: 28/60 MP: 14/14
  7546 | D:5      | Found a staircase to the Ecumenical Temple.
  7555 | Temple   | Entered the Ecumenical Temple
  7629 | Temple   | Became a worshipper of the Wu Jian Council
  7738 | D:5      | Found a shimmering altar of Xom.
  7808 | D:4      | Bought a book of Dreams for 312 gold pieces
  7812 | D:4      | Learned a level 3 spell: Spider Form
  7840 | D:5      | Found a sacrificial altar of Ru.
  7865 | D:5      | Noticed Eustachio
  7876 | D:5      | Killed Eustachio
  7993 | D:5      | Found an ancient bone altar of Kikubaaqudgha.
  8213 | D:6      | Noticed Dowan
  8224 | D:6      | Noticed Duvessa
  8236 | D:6      | Killed Dowan
  8242 | D:6      | HP: 3/60 [Duvessa/+0 rapier (16)]
  8244 | D:6      | Reached skill level 1 in Unarmed Combat
  9146 | D:6      | Slain by Duvessa

Illustrated notes

Levels and vault maps discovered:
D:1:      saegor_arrival_simple_a, layout_loops_cross, serial_glass,
          glass_columns_a, glass_columns_a, glass_columns_c, glass_columns_c,
          glass_columns_b, glass_columns_a,
          shapermc_ecumenical_altar_hornbeckon, minmay_tetromino_l2
D:2:      layout_loops_corners
D:3:      layout_rooms, serial_shops, nicolae_shop_crystal, minivault_25,
          minmay_unequal, uniq_sigmund, uniq_ijyb, uniq_robin
D:4:      layout_loops_corners, cheibriados_altar_2, serial_shops,
          nicolae_square_shop, hangedman_abyss_or_decor_jellyfish_corner
D:5:      layout_loops_ring, mainiacjoe_overflow_six_doors_small,
          mainiacjoe_overflow_surrounded_room, mainiacjoe_overflow_big_doors,
          grunt_nemelex_the_gamble, temple_hall, serial_shops, shop_fountains,
          ebering_ghost_inner_flame, hangedman_decor_points, uniq_eustachio
D:6:      layout_layer_cave, nicolae_qazlal_style_of_elements, uniq_duvessa
Temple:   eino_temple_lava

Skill      XL: |  1  2  3  4  5  6  7  8 |
---------------+-------------------------+-----
Transmutations | 1 2 |  2.1
Dodging        | 2 3 4 |  4.6
Fighting       | 1 2 3 4 |  4.5
Armour         | 1 2 3 4 |  4.1
Spellcasting   | 3 4 |  4.6
Poison Magic   | 4 5 |  5.6
Unarmed Combat | 1 |  1.7
Stealth        | |  1.7

Action                   |  1- 3 |  4- 6 |  7- 9 || total
-------------------------+-------+-------+-------++-------
Melee: Unarmed           |    10 |       |       ||    10
       Dagger            |    80 |    53 |       ||   133
       Short sword       |       |    75 |   137 ||   212
       Punch             |       |     1 |     4 ||     5
 Cast: Sting             |    41 |    40 |    18 ||    99
       Poisonous Vapours |       |    15 |    11 ||    26
       Olgreb's Toxic Ra |       |       |     1 ||     1
Invok: Lunge             |       |       |     4 ||     4
  Use: Scroll            |       |       |    21 ||    21
       Potion            |       |       |     3 ||     3
 Stab: Sleeping          |     1 |     2 |     1 ||     4
       Distracted        |       |       |     1 ||     1
Armor: Robe              |     3 |       |       ||     3
       Leather armour    |    13 |    54 |    61 ||   128
Dodge: Dodged            |    57 |   112 |   109 ||   278

Table legend: (Time is in decaauts)
 A = Elapsed time spent in this place.
 B = Non-inter-level travel time spent in this place.
 C = Inter-level travel time spent in this place.
 D = Time resting spent in this place.
 E = Time spent auto-exploring this place.
 F = Levels seen in this place.
 G = Mean time per level.
                   A        B        C        D        E       F      G
               +--------+--------+--------+--------+--------+-----+--------+
         Total |   9175 |   8874 |    301 |   3469 |   3782 |   7 | 1310.7 |
       Dungeon |   9092 |   8791 |    301 |   3469 |   3733 |   6 | 1515.3 |
        Temple |     83 |     83 |      0 |      0 |     49 |   1 |   83.0 |
               +--------+--------+--------+--------+--------+-----+--------+

Top non-repeatable levels by time:
     D:2: 2120 daAuts
     D:4: 1740 daAuts
     D:3: 1485 daAuts
     D:5: 1401 daAuts
     D:1: 1305 daAuts
     D:6: 1038 daAuts
  Temple: 83 daAuts
